 Dungeon Sprint DCSS version 0.31-a0-210-gccc998df9b (webtiles) character file.

Game seed: 11279600707981105163

9900000 123456 the Grand Master (level 27, -8/292 HPs)
             Began as an Armataur Gladiator on June 29, 2023.
             Was the Champion of Makhleb.
             Killed by divine providence
             ... invoked by an accursed
              (15 damage)
             ... in the Dungeon (Sprint VIII: "Arena of Blood").
             The game lasted 00:02:50 (99 turns).

123456 the Grand Master (Armataur Gladiator)          Turns: 99, Time: 00:02:51

Health: -8/292     AC: 10    Str: 20    XL:     27
Magic:  35/53      EV: 31    Int: 11    God:    Makhleb [******]
Gold:   0          SH:  0    Dex: 23    Spells: 78/78 levels left

rFire   + . .        k - +∞ Axe of Woe
rCold   . . .        (shield currently unavailable)
rNeg    . . .        a - +0 leather armour
rPois   .            b - +0 helmet
rElec   .            (no cloak)
rCorr   .            (no gloves)
SInv    .            (no barding)
Will    ++...        (no amulet)
Stlth   ++++++++++   l - ring of protection from fire
HPRegen 0.68/turn    (no ring)
MPRegen 0.33/turn

%: no teleportation, roll
@: lethally poisoned (-8 -> -47)
A: large, rugged brown scales 3, deformed body, armoured tail, roll, long
tongue, awkward tongue
a: Renounce Religion, Minor Destruction, Lesser Servant of Makhleb, Major
Destruction, Greater Servant of Makhleb


You were in the Dungeon.
You worshipped Makhleb.
Makhleb was exalted by your worship.
You visited 1 branch

Inventory:

Hand Weapons
 k - the +∞ Axe of Woe (weapon)
   (You found it in the Dungeon)
Missiles
 c - 3 throwing nets (quivered)
 d - a javelin
Armour
 a - a +0 leather armour (worn)
 b - a +0 helmet (worn)
Jewellery
 l - a ring of protection from fire (left hand)
Scrolls
 j - a scroll of blinking
Potions
 e - a potion of curing
 f - a potion of heal wounds
 g - a potion of haste
 h - 2 potions of magic
 i - a potion of berserk rage


   Skills:
 O Level 27 Fighting
 O Level 27 Short Blades
 O Level 27 Long Blades
 O Level 27 Axes
 O Level 27 Maces & Flails
 + Level 25.6(27) Polearms
 O Level 27 Staves
 + Level 23.7 Ranged Weapons
 O Level 27 Throwing
 O Level 27 Armour
 O Level 27 Dodging
 O Level 27 Stealth
 O Level 27 Shields
 O Level 27 Unarmed Combat
 + Level 26.4 Spellcasting
 O Level 27 Conjurations
 O Level 27 Hexes
 + Level 26.6 Summonings
 + Level 26.4 Necromancy
 O Level 27 Translocations
 O Level 27 Transmutations
 O Level 27 Fire Magic
 O Level 27 Ice Magic
 O Level 27 Air Magic
 O Level 27 Earth Magic
 O Level 27 Poison Magic
 O Level 27 Invocations
 O Level 27 Evocations


You had 78 spell levels left.
You didn't know any spells.
Your spell library was empty.

Dungeon Overview and Level Annotations

Branches:
Dungeon (1/1)

Altars:
Makhleb

Annotations:
D The Defiler


Innate Abilities, Weirdness & Mutations

You are completely covered in rugged brown scales. (AC +3, +7% HP)
Armour fits poorly on your strangely shaped body.
You have a long armoured tail.
You roll when moving toward enemies. (Rampage)
Your long tongue fully drains potion bottles. (2x potion effects)
Your tongue gives you trouble enunciating. (1.5x scroll delay)


Message History

Something smites you! The dread throws damnation at you.
The sphere of damnation explodes!
The damnation engulfs you!!!
A bolt of negative energy appears from out of thin air!
The bolt of negative energy hits you!!!!
You feel drained.
* * * LOW HITPOINT WARNING * * *
Your life force feels restored.
Unknown command.
Unknown command.
An eight-headed meat hydra and a tyrant come into view.
* * * LOW HITPOINT WARNING * * *
You feel extremely sick.
The bag of meat burns!
You feel something staring at you. Something smites you!
* * * LOW HITPOINT WARNING * * *
Something bites you!
* * * LOW HITPOINT WARNING * * *
Your balrug hits the bag of meat with a +2 demon whip of venom!
The bag of meat is engulfed in flames!!
The bag of meat is poisoned.
You hear a shout!
Your balrug gestures at the accursed.
The sticky flame hits the accursed but does no damage.
The accursed is covered in liquid flames!
You hear a shout!
An accursed comes into view.
You hear a shout!
The bag of meat hits your balrug with a +9 war axe!!
The bag of meat hits you with a +9 war axe.
* * * LOW HITPOINT WARNING * * *
The accursed gestures at you while chanting.
Something smites you!
* * * LOW HITPOINT WARNING * * *
You hear a shout!
The tyrant gestures wildly while chanting.
The tyrant seems to speed up.
The accursed casts a spell at you. Something smites you!
You die...

.........# ............# .
#...M.......#
..####..........#
......oo.................#
........ ..L....M.#......#
.........L....W.o2.......#
....... ....o...@.#)))...#
......# ....o.D.°°.)2....#
......# ......oO°)##{....#
....).###M....z.2°.2.D.).#
.###.))☼§{M......###..☼)°#
.._.)).))))..@..2.....§2☼#
.....#○.).)..#.#......§.☼#
_.<._#☼°)).Mo.o.......2).#
.o...#§°.)..#.#.#....)...#


You could see 5 accurseds, 2 meat beasts, 2 tyrants, 2 eight-headed meat hydras,
a sculptor of flesh, a large bag of meat (inner flame), The Defiler, a dread, 6
bags of meat and 2 friendly balrugs.

Vanquished Creatures
  Sigmund (D)
  5 hell beasts (D)
  2 royal mummies (D)
  4 wraiths (D)
  10 vampire knights (D)
  25 ogres (D)
  9 two-headed ogres (D)
  A lich (D)
  3 hydras (D)
  80 orcs (D)
  8 skeletal warriors (D)
148 creatures vanquished.

Vanquished Creatures (others)
  2 orcs (D)
2 creatures vanquished.

Grand Total: 150 creatures vanquished

Notes
Turn   | Place    | Note
-------+----------+-------------------------------------------
     0 | D        | Found the +∞ Axe of Woe
     0 | D        | 123456 the Armataur Gladiator began the quest for the Orb.
     0 | D        | Reached XP level 1. HP: 18/18 MP: 1/1
     3 | D        | Noticed a bag of meat
     4 | D        | Became a worshipper of Makhleb the Destroyer
     4 | D        | Noticed a bag of meat
     5 | D        | Noticed a bag of meat
     6 | D        | Noticed a bag of meat
     7 | D        | Noticed a bag of meat
     7 | D        | Killed a bag of meat
     7 | D        | Noticed a meat berserker
     7 | D        | Noticed a bag of meat
     8 | D        | Reached skill level 15 in Unarmed Combat
     8 | D        | Reached XP level 2. HP: 38/38 MP: 2/2
     8 | D        | Reached XP level 3. HP: 43/43 MP: 3/3
     8 | D        | Reached XP level 4. HP: 52/52 MP: 4/4
     8 | D        | Reached XP level 5. HP: 58/58 MP: 5/5
     8 | D        | Reached XP level 6. HP: 66/66 MP: 6/6
     8 | D        | Reached XP level 7. HP: 73/73 MP: 7/7
     8 | D        | Reached XP level 8. HP: 80/80 MP: 8/8
     8 | D        | Reached XP level 9. HP: 87/87 MP: 9/9
     8 | D        | Reached XP level 10. HP: 95/95 MP: 10/10
     8 | D        | Killed a bag of meat
     8 | D        | Reached * piety under Makhleb
     9 | D        | Reached XP level 11. HP: 103/103 MP: 11/11
     9 | D        | Killed a bag of meat
     9 | D        | Killed a bag of meat
     9 | D        | Noticed a meat berserker
    10 | D        | Reached skill level 5 in Axes
    10 | D        | Reached skill level 10 in Throwing
    10 | D        | Reached XP level 12. HP: 57/117 MP: 12/12
    10 | D        | Reached XP level 13. HP: 60/124 MP: 13/13
    10 | D        | Killed a meat berserker
    10 | D        | Reached ** piety under Makhleb
    10 | D        | Noticed a bag of meat
    10 | D        | Noticed a bag of meat
    10 | D        | Noticed a bag of meat
    11 | D        | Killed a bag of meat
    11 | D        | Killed a bag of meat
    12 | D        | Reached XP level 14. HP: 61/139 MP: 14/14
    12 | D        | Killed a meat berserker
    12 | D        | Reached *** piety under Makhleb
    12 | D        | Noticed a bag of meat
    12 | D        | Noticed a meat berserker
    12 | D        | Noticed a bag of meat
    12 | D        | Noticed a bag of meat
    13 | D        | Killed a bag of meat
    13 | D        | Noticed a meat berserker
    13 | D        | Noticed a bag of meat
    13 | D        | Noticed a meat berserker
    14 | D        | Reached XP level 15. HP: 129/148 MP: 15/15
    15 | D        | Reached skill level 15 in Fighting
    15 | D        | Reached **** piety under Makhleb
    16 | D        | Noticed a destroyer
    16 | D        | Noticed a meat berserker
    16 | D        | Noticed a meat berserker
    16 | D        | Noticed a meat berserker
    16 | D        | Noticed a large bag of meat
    16 | D        | Noticed a meat berserker
    17 | D        | Killed a meat berserker
    17 | D        | Noticed a meat berserker
    17 | D        | Noticed a large bag of meat
    18 | D        | Reached skill level 15 in Axes
    18 | D        | Reached XP level 16. HP: 156/162 MP: 16/16
    18 | D        | Killed a destroyer
    18 | D        | Killed a meat berserker
    18 | D        | Killed a meat berserker
    18 | D        | Reached ***** piety under Makhleb
    18 | D        | Noticed a meat berserker
    18 | D        | Noticed a destroyer
    19 | D        | Reached skill level 27 in Unarmed Combat
    19 | D        | Reached XP level 17. HP: 171/177 MP: 17/17
    19 | D        | Killed a meat berserker
    19 | D        | Killed a meat berserker
    20 | D        | Killed a large bag of meat
    20 | D        | Killed a meat berserker
    21 | D        | Reached skill level 27 in Dodging
    21 | D        | Reached XP level 18. HP: 162/194 MP: 18/18
    21 | D        | Noticed a meat berserker
    21 | D        | Noticed a large bag of meat
    21 | D        | Noticed a large bag of meat
    21 | D        | Noticed a meat berserker
    22 | D        | Killed a meat berserker
    22 | D        | Killed a meat berserker
    22 | D        | Reached ****** piety under Makhleb
    23 | D        | Reached skill level 27 in Axes
    23 | D        | Reached skill level 5 in Armour
    23 | D        | Noticed a large bag of meat
    23 | D        | Noticed a meat berserker
    24 | D        | Reached skill level 27 in Fighting
    24 | D        | Reached XP level 19. HP: 221/221 MP: 19/19
    24 | D        | Killed a meat berserker
    24 | D        | Killed a large bag of meat
    25 | D        | Reached skill level 27 in Throwing
    25 | D        | Noticed a large bag of meat
    26 | D        | Killed a meat berserker
    26 | D        | Noticed a meat berserker
    26 | D        | Noticed an eight-headed meat hydra
    27 | D        | Reached XP level 20. HP: 218/231 MP: 19/36
    28 | D        | Reached skill level 27 in Invocations
    28 | D        | Killed a destroyer
    29 | D        | Reached skill level 27 in Armour
    29 | D        | Noticed a meat berserker
    29 | D        | Noticed a destroyer
    29 | D        | Noticed a destroyer
    30 | D        | Killed a large bag of meat
    30 | D        | Killed a large bag of meat
    31 | D        | Reached skill level 5 in Short Blades
    31 | D        | Reached skill level 5 in Conjurations
    31 | D        | Reached skill level 5 in Hexes
    31 | D        | Reached skill level 5 in Translocations
    31 | D        | Reached skill level 5 in Transmutations
    31 | D        | Reached skill level 5 in Fire Magic
    31 | D        | Reached skill level 5 in Ice Magic
    31 | D        | Reached skill level 5 in Air Magic
    31 | D        | Reached skill level 5 in Earth Magic
    31 | D        | Reached skill level 5 in Poison Magic
    31 | D        | Reached skill level 5 in Evocations
    32 | D        | Reached skill level 5 in Long Blades
    32 | D        | Reached skill level 5 in Maces & Flails
    32 | D        | Reached skill level 5 in Polearms
    32 | D        | Reached skill level 5 in Staves
    32 | D        | Reached skill level 5 in Spellcasting
    32 | D        | Reached skill level 5 in Summonings
    32 | D        | Reached skill level 5 in Necromancy
    32 | D        | Reached XP level 21. HP: 192/239 MP: 19/38
    32 | D        | Noticed a destroyer
    33 | D        | Reached skill level 5 in Ranged Weapons
    33 | D        | Noticed a large bag of meat
    33 | D        | Noticed a destroyer
    34 | D        | Noticed a destroyer
    35 | D        | Reached skill level 10 in Shields
    37 | D        | Reached skill level 10 in Short Blades
    37 | D        | Reached skill level 10 in Conjurations
    37 | D        | Reached skill level 10 in Hexes
    37 | D        | Reached skill level 10 in Transmutations
    37 | D        | Reached skill level 10 in Fire Magic
    37 | D        | Reached skill level 10 in Ice Magic
    37 | D        | Reached skill level 10 in Air Magic
    37 | D        | Reached skill level 10 in Earth Magic
    37 | D        | Reached skill level 10 in Poison Magic
    37 | D        | Reached XP level 22. HP: 249/249 MP: 20/39
    38 | D        | Killed a large bag of meat
    38 | D        | Killed a destroyer
    39 | D        | Reached skill level 10 in Polearms
    39 | D        | Reached skill level 15 in Stealth
    39 | D        | Killed a large bag of meat
    40 | D        | Reached skill level 10 in Ranged Weapons
    40 | D        | Reached skill level 15 in Shields
    40 | D        | Reached XP level 23. HP: 211/256 MP: 21/40
    41 | D        | Killed a destroyer
    42 | D        | Reached skill level 15 in Translocations
    42 | D        | Reached skill level 15 in Evocations
    43 | D        | Killed a destroyer
    44 | D        | Reached skill level 15 in Short Blades
    44 | D        | Reached skill level 15 in Conjurations
    44 | D        | Reached skill level 15 in Hexes
    44 | D        | Reached skill level 15 in Transmutations
    44 | D        | Reached skill level 15 in Fire Magic
    44 | D        | Reached skill level 15 in Ice Magic
    44 | D        | Reached skill level 15 in Air Magic
    44 | D        | Reached skill level 15 in Earth Magic
    44 | D        | Reached skill level 15 in Poison Magic
    44 | D        | Reached XP level 24. HP: 252/266 MP: 22/41
    44 | D        | Killed a large bag of meat
    45 | D        | Reached skill level 15 in Spellcasting
    45 | D        | Reached skill level 15 in Summonings
    45 | D        | Reached skill level 15 in Necromancy
    47 | D        | Killed a destroyer
    47 | D        | Noticed a destroyer
    48 | D        | Reached skill level 15 in Long Blades
    48 | D        | Reached skill level 15 in Maces & Flails
    48 | D        | Reached skill level 15 in Staves
    49 | D        | Killed a destroyer
    50 | D        | Reached XP level 25. HP: 218/274 MP: 23/43
    50 | D        | Noticed a tyrant
    51 | D        | Killed a tyrant
    55 | D        | Noticed a dread
    55 | D        | Killed a dread
    56 | D        | Reached skill level 27 in Stealth
    57 | D        | Reached skill level 15 in Polearms
    58 | D        | Killed a destroyer
    59 | D        | Noticed a destroyer
    60 | D        | Noticed The Captor
    62 | D        | Noticed a meat beast
    63 | D        | Noticed a large bag of meat
    64 | D        | Noticed a dread
    64 | D        | Killed a dread
    64 | D        | Killed a destroyer
    65 | D        | Reached skill level 15 in Ranged Weapons
    65 | D        | Reached XP level 26. HP: 284/284 MP: 26/45
    65 | D        | Noticed a meat beast
    65 | D        | Noticed a dread
    66 | D        | Killed a meat beast
    69 | D        | Noticed a meat beast
    70 | D        | Killed The Captor
    70 | D        | Killed a dread
    71 | D        | Reached XP level 27. HP: 292/292 MP: 28/47
    78 | D        | Killed a meat beast
    79 | D        | Noticed an accursed
    81 | D        | Noticed a destroyer
    82 | D        | Killed a large bag of meat
    82 | D        | Noticed a meat beast
    83 | D        | Reached skill level 27 in Shields
    84 | D        | Killed a meat beast
    85 | D        | Killed a destroyer
    86 | D        | Noticed a dread
    86 | D        | Noticed a large bag of meat
    87 | D        | Killed an accursed
    87 | D        | Noticed an accursed
    89 | D        | Noticed an accursed
    90 | D        | Reached skill level 27 in Evocations
    90 | D        | Noticed a meat beast
    90 | D        | Noticed a meat beast
    90 | D        | Noticed a dread
    93 | D        | Reached skill level 27 in Translocations
    93 | D        | Noticed a large bag of meat
    93 | D        | Noticed an accursed
    93 | D        | Killed a dread
    93 | D        | Killed a meat beast
    93 | D        | Noticed an accursed
    94 | D        | Noticed The Defiler
    95 | D        | Killed a large bag of meat
    95 | D        | Killed an accursed
    95 | D        | Noticed a meat beast
    96 | D        | Reached skill level 27 in Air Magic
    96 | D        | Reached skill level 27 in Earth Magic
    96 | D        | Reached skill level 27 in Poison Magic
    96 | D        | Killed a meat beast
    97 | D        | Reached skill level 27 in Short Blades
    97 | D        | Reached skill level 27 in Conjurations
    97 | D        | Reached skill level 27 in Hexes
    97 | D        | Reached skill level 27 in Transmutations
    97 | D        | Reached skill level 27 in Fire Magic
    97 | D        | Reached skill level 27 in Ice Magic
    97 | D        | Noticed a meat beast
    97 | D        | Noticed a tyrant
    98 | D        | Reached skill level 27 in Long Blades
    98 | D        | Reached skill level 27 in Maces & Flails
    98 | D        | Reached skill level 27 in Staves
    98 | D        | Noticed an accursed
    99 | D        | Noticed a tyrant
    99 | D        | Noticed an accursed
    99 | D        | HP: 7/292 [accursed/divine providence (13)]
    99 | D        | Killed from afar by an accursed

Illustrated notes

Levels and vault maps discovered:
D:        meatsprint

Skill      XL: |  1  2  3  4  5  6  7  8  9 10 11 12 13 14 15 16 17 18 19 20 21 22 23 24 25 26 27 |
---------------+----------------------------------------------------------------------------------+-----
Fighting       | 8 9 11 13 14 16 18 21 27 | 27.0
Axes           | 2 3 5 9 11 15 19 24 27 | 27.0
Throwing       | 8 9 10 12 13 14 16 18 24 27 | 27.0
Dodging        | 12 14 16 19 20 22 24 27 | 27.0
Unarmed Combat | 15 17 19 22 23 26 27 | 27.0
Armour         | 3 8 21 27 | 27.0
Invocations    | 24 27 | 27.0
Short Blades   | 6 10 13 15 17 19 22 27 | 27.0
Long Blades    | 5 9 11 13 15 18 21 27 | 27.0
Maces & Flails | 5 9 11 13 15 18 21 27 | 27.0
Polearms       | 5 8 10 12 14 16 19 25 | 25.6
Staves         | 5 9 11 13 15 18 21 27 | 27.0
Ranged Weapons | 4 7 10 11 13 15 18 23 | 23.7
Stealth        | 8 13 16 19 22 27 | 27.0
Shields        | 7 12 15 17 20 22 26 27 | 27.0
Spellcasting   | 5 9 12 14 16 18 20 26 | 26.4
Conjurations   | 6 10 13 15 17 19 22 27 | 27.0
Hexes          | 6 10 13 15 17 19 22 27 | 27.0
Summonings     | 5 9 12 14 16 18 20 26 | 26.6
Necromancy     | 5 9 12 14 16 18 20 26 | 26.4
Translocations | 6 11 14 16 18 21 24 27 | 27.0
Transmutations | 6 10 13 15 17 19 22 27 | 27.0
Fire Magic     | 6 10 13 15 17 19 22 27 | 27.0
Ice Magic      | 6 10 13 15 17 19 22 27 | 27.0
Air Magic      | 6 10 13 15 17 19 22 27 | 27.0
Earth Magic    | 6 10 13 15 17 19 22 27 | 27.0
Poison Magic   | 6 10 13 15 17 19 22 27 | 27.0
Evocations     | 6 11 14 16 18 21 24 27 | 27.0

Action                     |  1- 3 |  4- 6 |  7- 9 | 10-12 | 13-15 | 16-18 | 19-21 | 22-24 | 25-27 || total
---------------------------+-------+-------+-------+-------+-------+-------+-------+-------+-------++-------
  Melee: Executioner's axe |     1 |       |       |     2 |     7 |     5 |    10 |    12 |    30 ||    67
 Invoke: Greater Servant o |       |       |       |       |       |       |     2 |     1 |     3 ||     6
   Stab: Distracted        |       |       |       |       |       |       |       |       |     2 ||     2
 Armour: Leather armour    |       |       |       |       |       |       |     2 |     1 |     1 ||     4
  Dodge: Dodged            |     1 |       |       |       |       |     1 |     1 |     1 |     4 ||     8

Table legend: (Time is in decaauts)
 A = Elapsed time spent in this place.
 B = Non-inter-level travel time spent in this place.
 C = Inter-level travel time spent in this place.
 D = Time resting spent in this place.
 E = Time spent auto-exploring this place.
 F = Levels seen in this place.
 G = Mean time per level.
                   A        B        C        D        E       F      G
               +--------+--------+--------+--------+--------+-----+--------+
         Total |     86 |     86 |      0 |      0 |      0 |   1 |   86.0 |
       Dungeon |     86 |     86 |      0 |      0 |      0 |   1 |   86.0 |
               +--------+--------+--------+--------+--------+-----+--------+

Top non-repeatable levels by time:
       D: 86 daAuts
